[Event "December 12 Early 2023"]
[Site "https://www.chess.com"]
[Date "2023.12.12"]
[Round "1"]
[White "Arshiya Das"]
[Black "Farahat, Ali"]
[Result "0-1"]
[Board "204"]
[TimeControl "180+1"]
[WhiteFideId "25652150"]
[BlackFideId "10600507"]
[WhiteElo "2212"]
[BlackElo "2560"]
[WhiteTeam "IND"]
[BlackTeam "USA"]
[WhiteClock "0:00:17"]
[BlackClock "0:00:28"]

1. e4 e5 2. Nf3 Nc6 3. Nc3 Nf6 4. d4 exd4 5. Nxd4 Bb4 6. Nxc6 bxc6 7. Bd3 d5 8. exd5 O-O 9. O-O Bg4 10. f3 Bh5 11. dxc6 Qd4+ 12. Kh1 Bxc3 13. Rb1 Rad8 14. bxc3 Qxc3 15. Bb2 Qxc6 16. Qe1 Bg6 17. Bb5 Qxc2 18. Bxf6 gxf6 19. Rc1 Qxa2 20. Rxc7 Rd2 21. Rg1 Rb2 22. Bc4 Qa4 23. Qc3 Rc2 24. Qd4 Kg7 25. Qc5 Rc3 26. Qd4 Qa5 27. Rc6 Qe5 28. Qxa7 Rd8 29. Rc7 Kh6 30. Qa1 Rd2 31. Re7 Qd4 32. Bf1 Rcc2 33. Qxd4 Rxd4 34. Re2 Rc1 35. g3 Rdd1 36. Reg2 Bf5 37. Be2 Re1 38. h4 Bh3 39. Kh2 Bxg2 40. Rxg2 Rh1# 0-1

[Event "December 12 Early 2023"]
[Site "https://www.chess.com"]
[Date "2023.12.12"]
[Round "1"]
[White "Belov, Alexei"]
[Black "Vanek, Tomas"]
[Result "1-0"]
[Board "205"]
[TimeControl "180+1"]
[WhiteFideId "4128206"]
[BlackFideId "313459"]
[WhiteElo "2559"]
[BlackElo "2204"]
[WhiteTeam "RUS"]
[BlackTeam "CZE"]
[WhiteClock "0:01:42"]
[BlackClock "0:00:52"]

1. e4 c5 2. Nf3 Nc6 3. d4 cxd4 4. Nxd4 Nf6 5. Nc3 e5 6. Ndb5 d6 7. Bg5 a6 8. Na3 b5 9. Nd5 Be7 10. Bxf6 Bxf6 11. c3 Bg5 12. Nc2 Rb8 13. a4 bxa4 14. Ncb4 Nxb4 15. Nxb4 Bd7 16. Bxa6 Qb6 17. O-O O-O 18. Qd3 Qc5 19. Bc4 Kh8 20. Na6 Qb6 21. Nxb8 Rxb8 22. Bxf7 Qxb2 23. Rab1 a3 24. Rxb2 axb2 25. Rb1 Bc1 26. Qxd6 Ra8 27. Bd5 1-0

[Event "December 12 Early 2023"]
[Site "https://www.chess.com"]
[Date "2023.12.12"]
[Round "1"]
[White "Osmonbekov, Talaibek"]
[Black "Shuvalov, Evgenij"]
[Result "0-1"]
[Board "206"]
[TimeControl "180+1"]
[WhiteFideId "2017253"]
[BlackFideId "4187237"]
[WhiteElo "2204"]
[BlackElo "2559"]
[WhiteTeam "USA"]
[BlackTeam "FID"]
[WhiteClock "0:00:00"]
[BlackClock "0:00:39"]

1. d4 Nf6 2. Nc3 e6 3. Bf4 a6 4. e3 d5 5. Nf3 c5 6. dxc5 Nc6 7. Bd3 Bxc5 8. O-O Qe7 9. Bg5 h6 10. Bh4 b5 11. a3 Bb7 12. e4 g5 13. Bg3 dxe4 14. Nxe4 Nxe4 15. Bxe4 f5 16. Bxc6+ Bxc6 17. Be5 O-O 18. Nd4 Bd5 19. Qh5 Kh7 20. Rad1 Qf7 21. Qh3 Rad8 22. c3 Be4 23. f3 Bd5 24. Kh1 Rg8 25. Rd2 Qg6 26. Qg3 h5 27. Re1 h4 28. Qf2 h3 29. g3 g4 30. Kg1 gxf3 31. b4 Bb6 32. Re3 Qg4 33. Bf4 Qxf4 34. Kf1 Qg4 35. a4 f4 36. Rxf3 Bxf3 0-1

[Event "December 12 Early 2023"]
[Site "https://www.chess.com"]
[Date "2023.12.12"]
[Round "1"]
[White "Osmak, Yuliia"]
[Black "Yeritsyaan"]
[Result "1-0"]
[Board "207"]
[TimeControl "180+1"]
[WhiteFideId "14101602"]
[WhiteElo "2559"]
[BlackElo "2203"]
[WhiteTeam "UKR"]
[WhiteClock "0:00:24"]
[BlackClock "0:00:05"]

1. e4 g6 2. d4 Bg7 3. Nc3 c6 4. f4 d5 5. e5 h5 6. Nf3 Nh6 7. Be3 Bg4 8. h3 Bxf3 9. Qxf3 Nf5 10. Bf2 h4 11. Bd3 e6 12. O-O Nd7 13. Ne2 Rh5 14. b3 a5 15. Rab1 Kf8 16. c4 Kg8 17. Rfc1 Bf8 18. Kh2 a4 19. bxa4 Nb6 20. c5 Nc4 21. Bxc4 dxc4 22. Rxc4 Ra7 23. Nc3 Ne7 24. Rcb4 Qd7 25. R4b2 Nd5 26. Nxd5 cxd5 27. Rb4 Bh6 28. Be3 Qe7 29. Qf2 Rf5 30. Qd2 Kh7 31. a5 g5 32. fxg5 Bxg5 33. Bxg5 Rxg5 34. Rxb7 Rxb7 35. Rxb7 Rxg2+ 36. Kxg2 Qxb7 37. Qc2+ Kg7 38. c6 Qc7 39. a6 f6 40. a7 Qxa7 41. c7 Qxd4 42. c8=Q Qxe5 43. Qd7+ Kh6 44. Qdh7+ Kg5 45. Qhg6+ Kf4 46. Qg4+ Ke3 47. Qce2# 1-0

[Event "December 12 Early 2023"]
[Site "https://www.chess.com"]
[Date "2023.12.12"]
[Round "1"]
[White "Guzman Lozano, Campo Elias"]
[Black "De Boer, Eelke"]
[Result "0-1"]
[Board "208"]
[TimeControl "180+1"]
[WhiteFideId "4403746"]
[BlackFideId "1048120"]
[WhiteElo "2195"]
[BlackElo "2558"]
[WhiteTeam "COL"]
[BlackTeam "NED"]
[WhiteClock "0:00:00"]
[BlackClock "0:00:02"]

1. e4 c5 2. c3 Nf6 3. d3 Nc6 4. Nf3 d5 5. Qe2 Bg4 6. h3 Bh5 7. g4 Bg6 8. e5 Nd7 9. e6 Nf6 10. exf7+ Bxf7 11. Bg5 Qd6 12. Nbd2 O-O-O 13. Bg2 h5 14. Bxf6 exf6 15. O-O-O Re8 16. Qf1 Qf4 17. Nh2 Bd6 18. Kb1 hxg4 19. Nxg4 Rh5 20. Ne3 Ne7 21. Bf3 Rhh8 22. Qg2 g5 23. Nxd5 Nxd5 24. Bxd5 Bxd5 25. Qxd5 Rd8 26. Ne4 Be7 27. Qe6+ Rd7 28. Rhe1 Kc7 29. Ng3 Rhd8 30. Qe3 Bd6 31. Qxf4 Bxf4 32. Ne4 Rxd3 33. Rxd3 Rxd3 34. Nxf6 Rxh3 35. Re7+ Kc6 36. Re6+ Kc7 37. Re7+ Kb6 38. Nd5+ Kc6 39. Nxf4 gxf4 40. Rf7 Rf3 41. Kc2 Rxf2+ 42. Kb3 a6 43. a4 b5 44. Rf6+ Kb7 45. a5 c4+ 46. Kb4 Rxb2+ 47. Kc5 Rb3 48. Rf7+ Kb8 49. Kb6 Kc8 50. Rxf4 Rxc3 51. Kxa6 b4 52. Kb5 b3 53. Kc6 Kd8 54. Rf8+ Ke7 55. Rb8 Rc2 56. a6 Ra2 57. Kc5 b2 58. Kxc4 Ra1 0-1

[Event "December 12 Early 2023"]
[Site "https://www.chess.com"]
[Date "2023.12.12"]
[Round "1"]
[White "Postlmayer, Jakob"]
[Black "Pertinez Soria, Juan Luis"]
[Result "1-0"]
[Board "209"]
[TimeControl "180+1"]
[WhiteFideId "1643622"]
[BlackFideId "2225620"]
[WhiteElo "2558"]
[BlackElo "2189"]
[WhiteTeam "AUT"]
[BlackTeam "ESP"]
[WhiteClock "0:00:48"]
[BlackClock "0:00:00"]

1. d4 Nf6 2. c4 e6 3. Nc3 Bb4 4. e3 O-O 5. Bd2 c5 6. a3 Ba5 7. dxc5 Bc7 8. Nf3 a6 9. b4 b6 10. cxb6 Bxb6 11. c5 Bc7 12. Be2 Bb7 13. O-O Ne4 14. Nxe4 Bxe4 15. Bc3 f5 16. Qd4 Qe7 17. Rfd1 Rf7 18. Ne5 Qh4 19. g3 Bxe5 20. Qxe5 Qh3 21. Bf1 Qh5 22. Bg2 Nc6 23. Qd6 Bxg2 24. Kxg2 Raf8 25. Qf4 g5 26. Qf3 g4 27. Qf4 Ne7 28. Rxd7 Ng6 29. Qc7 f4 30. exf4 Qf5 31. Re1 h5 32. Rxf7 Rxf7 33. Qc8+ Nf8 34. Qc6 h4 35. Qe4 h3+ 36. Kg1 Rd7 37. Qxf5 exf5 38. f3 Rd3 39. Be5 Ne6 40. fxg4 fxg4 41. Kf2 Rd2+ 42. Re2 Rd1 43. c6 Rc1 44. c7 Kf7 45. a4 Nxc7 46. Bxc7 Rxc7 47. Rb2 Rc1 48. b5 Rh1 49. Ke3 Rg1 50. bxa6 Rg2 51. Rxg2 hxg2 52. Kf2 g1=Q+ 53. Kxg1 1-0

[Event "December 12 Early 2023"]
[Site "https://www.chess.com"]
[Date "2023.12.12"]
[Round "1"]
[White "Fernandez Hernandez, Gerardo"]
[Black "Yelisieiev, Yevhenii"]
[Result "0-1"]
[Board "210"]
[TimeControl "180+1"]
[WhiteFideId "2207400"]
[BlackFideId "14139642"]
[WhiteElo "2184"]
[BlackElo "2557"]
[WhiteTeam "ESP"]
[BlackTeam "GER"]
[WhiteClock "0:00:00"]
[BlackClock "0:00:20"]

1. e4 d6 2. d3 e5 3. g3 Nf6 4. Bg2 Be7 5. c4 O-O 6. Nc3 c6 7. Nge2 a5 8. O-O Na6 9. h3 Nc5 10. Be3 b6 11. b3 Ne8 12. a3 Nc7 13. Qc2 Bd7 14. b4 axb4 15. axb4 N5e6 16. Rxa8 Nxa8 17. b5 c5 18. Nd5 Nd4 19. Nxd4 exd4 20. Bd2 Re8 21. f4 Qb8 22. f5 f6 23. g4 Nc7 24. Nxe7+ Rxe7 25. Bf4 Ne8 26. Ra1 Bc8 27. Qa2 Bb7 28. h4 g6 29. Kh2 Rg7 30. Bh6 Re7 31. Kh1 Kh8 32. Qd2 Ng7 33. fxg6 hxg6 34. Qf4 Rf7 35. Qh2 Ne6 36. Bd2 Rh7 37. h5 g5 38. Rf1 Rf7 39. e5 dxe5 40. Bd5 Bxd5+ 41. cxd5 Qb7 42. Qg2 Nf4 43. Bxf4 gxf4 44. Ra1 Rd7 45. Qe4 Qxd5 46. Qxd5 Rxd5 47. Ra8+ Kg7 48. Ra6 Rd6 49. Ra7+ Kh6 50. Rb7 e4 51. Kg2 exd3 52. Kf3 c4 53. Rc7 c3 54. Rc4 d2 55. Ke2 f3+ 56. Kd1 f2 0-1

[Event "December 12 Early 2023"]
[Site "https://www.chess.com"]
[Date "2023.12.12"]
[Round "1"]
[White "Andreev, Konstantin"]
[Black "Semenova, Alina"]
[Result "1-0"]
[Board "211"]
[TimeControl "180+1"]
[WhiteFideId "24239305"]
[BlackFideId "24113875"]
[WhiteElo "2557"]
[BlackElo "2179"]
[WhiteTeam "ITA"]
[BlackTeam "RUS"]
[WhiteClock "0:00:56"]
[BlackClock "0:00:00"]

1. e4 c6 2. d4 d5 3. e5 Bf5 4. Nf3 e6 5. Be2 Nd7 6. O-O c5 7. c4 dxc4 8. Nbd2 c3 9. bxc3 h6 10. Nc4 b5 11. Ne3 Ne7 12. Bxb5 Rb8 13. Ba4 Nd5 14. Nxf5 exf5 15. c4 Nc3 16. Qc2 Nxa4 17. Qxa4 cxd4 18. e6 fxe6 19. Re1 Kf7 20. Nxd4 Nc5 21. Qd1 Be7 22. Bf4 Rc8 23. Be5 Bf6 24. Qh5+ g6 25. Qd1 Re8 26. Qd2 Kg7 27. Rad1 Ne4 28. Rxe4 fxe4 29. Qf4 Bxe5 30. Qxe5+ Qf6 31. Qxe4 e5 32. Nb3 Red8 33. Rc1 Rf8 34. f3 Rcd8 35. c5 Rd2 36. Nxd2 Rd8 37. Nb3 Qg5 38. c6 Qe7 39. c7 Rc8 40. Qb7 Qd7 41. Qc6 Qd4+ 42. Nxd4 1-0

[Event "December 12 Early 2023"]
[Site "https://www.chess.com"]
[Date "2023.12.12"]
[Round "1"]
[White "Verbin, Valentina"]
[Black "Cordoba Roa, Angel Gabriel"]
[Result "0-1"]
[Board "212"]
[TimeControl "180+1"]
[WhiteFideId "13905910"]
[BlackFideId "3957624"]
[WhiteElo "2151"]
[BlackElo "2554"]
[WhiteTeam "MDA"]
[BlackTeam "COL"]
[WhiteClock "0:00:00"]
[BlackClock "0:00:35"]

1. e3 e5 2. c4 Nf6 3. Nc3 Nc6 4. g3 g6 5. Bg2 Bg7 6. Nge2 O-O 7. O-O Re8 8. d4 exd4 9. exd4 d6 10. h3 Bd7 11. Be3 a6 12. Qd2 Rb8 13. a4 Na5 14. c5 Nb3 15. Qd3 Nxa1 16. Rxa1 dxc5 17. dxc5 Bf5 18. Qc4 Bd3 19. Qh4 Ne4 20. Qxd8 Rbxd8 21. Nxe4 Bxe4 22. Bxe4 Rxe4 23. Nc3 Rb4 24. Nd1 Bxb2 25. Nxb2 Rxb2 26. Bf4 c6 27. Bd6 Re8 28. Bf4 Ree2 29. Be3 Rb3 30. Rd1 Rexe3 31. fxe3 Rxe3 32. Rd8+ Kg7 33. Kg2 Rc3 34. Rd7 Rxc5 35. Rxb7 Rc4 36. a5 Ra4 37. Rb6 Rxa5 38. Rxc6 Ra2+ 39. Kf3 a5 40. Ra6 a4 41. Kg4 h5+ 42. Kh4 Ra3 43. g4 f6 44. Ra7+ Kh6 45. gxh5 gxh5 46. Ra6 Kg6 47. Ra8 Kf5 48. Ra5+ Kf4 49. Rxh5 f5 50. Rh8 Kf3 51. Ra8 f4 52. Kg5 Kg3 53. h4 f3 54. h5 f2 55. Rf8 Rf3 56. Rxf3+ Kxf3 57. h6 f1=Q 58. h7 Qh1 59. Kg6 a3 60. Kg7 a2 61. h8=Q a1=Q+ 0-1

[Event "December 12 Early 2023"]
[Site "https://www.chess.com"]
[Date "2023.12.12"]
[Round "1"]
[White "Sharapov, Evgeny"]
[Black "Quirke, Jeffrey"]
[Result "0-1"]
[Board "213"]
[TimeControl "180+1"]
[WhiteFideId "14103133"]
[BlackFideId "2013029"]
[WhiteElo "2552"]
[BlackElo "2140"]
[WhiteTeam "UKR"]
[BlackTeam "USA"]
[WhiteClock "0:00:01"]
[BlackClock "0:00:11"]

1. Nh3 d5 2. Ng1 c5 3. g3 Nc6 4. Bg2 e5 5. d3 Be6 6. Nf3 Be7 7. O-O g5 8. e4 d4 9. Nbd2 h5 10. Nc4 f6 11. h4 g4 12. Nfd2 b5 13. Na3 a6 14. Nab1 Nh6 15. a4 Nf7 16. axb5 axb5 17. Rxa8 Qxa8 18. c4 b4 19. Nb3 Qa2 20. N1d2 Kd7 21. Kh2 Rg8 22. f4 Kc7 23. Qc2 Ra8 24. Nb1 Qa4 25. N1d2 Qa2 26. Nb1 Qa4 27. Qd1 Qa2 28. N1d2 Na5 29. Nxa5 Qxa5 30. Qe2 Qb6 31. Qf2 Ra2 32. Nb3 Qa7 33. Qe2 Qa4 34. Nd2 Qc2 35. f5 Bd7 36. Re1 Ra1 37. Qf1 Ba4 38. Kg1 Nd6 39. Kh2 Nb7 40. Kg1 b3 41. Kh2 Kd7 42. Kg1 Bd8 43. Rd1 Ba5 44. Qe1 Rxc1 45. Rxc1 Qxd2 46. Qxd2 Bxd2 47. Ra1 Bc6 48. Ra8 Bc3 49. Rh8 Bxb2 50. Rh7+ Kc8 51. Rxh5 Bc3 52. Rh8+ Kc7 53. Rh7+ Kb6 0-1

[Event "December 12 Early 2023"]
[Site "https://www.chess.com"]
[Date "2023.12.12"]
[Round "1"]
[White "Yushko, Olga"]
[Black "Kunin, Vitaly"]
[Result "0-1"]
[Board "214"]
[TimeControl "180+1"]
[WhiteFideId "14114500"]
[BlackFideId "4128737"]
[WhiteElo "2123"]
[BlackElo "2549"]
[WhiteTeam "UKR"]
[BlackTeam "GER"]
[WhiteClock "0:00:02"]
[BlackClock "0:00:10"]

1. d4 d5 2. c4 dxc4 3. e3 e5 4. Bxc4 Nc6 5. Nf3 e4 6. Nfd2 Qg5 7. g3 Nf6 8. Nc3 Bf5 9. Qb3 O-O-O 10. Bxf7 Nxd4 11. exd4 e3 12. Be6+ Kb8 13. Nf3 exf2+ 14. Kxf2 Ng4+ 15. Kg2 Qf6 16. Bxf5 Qxf5 17. Bf4 Bd6 18. Ne2 Rhe8 19. Rhe1 a6 20. h3 Nf6 21. Bxd6 Rxd6 22. Nf4 Rxe1 23. Rxe1 Rb6 24. Qa3 g5 25. Re5 Qc2+ 26. Re2 Qc4 27. Qf8+ Ka7 28. Ne5 Qb5 29. a4 Qxa4 30. Nfd3 Qxd4 31. Qc5 Qd8 32. Rd2 Ne4 33. Nf7 Qf6 34. Rf2 Nxc5 35. Rxf6 Rxf6 36. Nxc5 Rxf7 37. Nd3 Rd7 38. Ne5 Rd2+ 39. Kf3 Rxb2 40. Kg4 a5 41. Kxg5 a4 42. Kf4 a3 43. Nc4 Rb4 0-1

[Event "December 12 Early 2023"]
[Site "https://www.chess.com"]
[Date "2023.12.12"]
[Round "1"]
[White "Kononenko, Dmitry"]
[Black "Hartikainen, Jarmo"]
[Result "1-0"]
[Board "215"]
[TimeControl "180+1"]
[WhiteFideId "14113538"]
[BlackFideId "503134"]
[WhiteElo "2548"]
[BlackElo "2119"]
[WhiteTeam "UKR"]
[BlackTeam "FIN"]
[WhiteClock "0:00:22"]
[BlackClock "0:00:00"]

1. e4 c5 2. Nf3 Nc6 3. d4 cxd4 4. Nxd4 Nf6 5. Nc3 d6 6. Bc4 e6 7. Bb3 a6 8. O-O Bd7 9. f4 Qc7 10. Kh1 Be7 11. f5 Nxd4 12. Qxd4 Qc5 13. Qd3 O-O 14. Qh3 exf5 15. exf5 Bc6 16. Be3 Qa5 17. Bd4 b5 18. Rae1 Qc7 19. Bxf6 Bxf6 20. Nd5 Bxd5 21. Bxd5 Rae8 22. c3 Rxe1 23. Rxe1 Qd7 24. Qf3 Re8 25. Rd1 Re5 26. g4 Qe8 27. Rd2 h6 28. Kg2 Re3 29. Qf2 Bg5 30. Bf3 Qe7 31. Re2 Rxe2 32. Qxe2 Qxe2+ 33. Bxe2 Bc1 34. b3 Bd2 35. c4 bxc4 36. Bxc4 a5 37. Kf3 Kf8 38. Ke4 Ke7 39. Kd5 Kd7 40. Bb5+ Kc7 41. Be8 f6 42. Ke6 Bf4 43. h3 Bg5 44. Kf7 Kb6 45. Kxg7 d5 46. Bf7 Kc5 47. Kg6 Kd4 48. Kh5 Ke4 49. h4 Bc1 50. Kg6 d4 51. Bc4 Bb2 52. Kxh6 d3 53. Kg6 Ke3 54. Bxd3 Kxd3 55. h5 Ke4 56. h6 Kf4 57. h7 Kxg4 58. h8=Q Kf4 59. Qh4+ Ke5 60. Qe1+ Kd4 61. Qd2+ Ke4 62. Qxb2 Kd3 63. Kxf6 1-0

[Event "December 12 Early 2023"]
[Site "https://www.chess.com"]
[Date "2023.12.12"]
[Round "1"]
[White "Negron Lizarazo, Juan Sebastian"]
[Black "Santos Flores, Alberto"]
[Result "0-1"]
[Board "216"]
[TimeControl "180+1"]
[WhiteFideId "3936910"]
[BlackFideId "3601234"]
[WhiteElo "2116"]
[BlackElo "2548"]
[WhiteTeam "COL"]
[BlackTeam "ECU"]
[WhiteClock "0:00:10"]
[BlackClock "0:00:38"]

1. e4 e6 2. d4 d5 3. e5 c5 4. c3 Qb6 5. Nf3 Nc6 6. a3 a5 7. Bd3 Bd7 8. Bc2 a4 9. O-O Nh6 10. h3 Nf5 11. g4 Nfe7 12. Re1 Qa7 13. dxc5 Qxc5 14. Be3 Qb5 15. b4 axb3 16. Bxb3 Ng6 17. Bd4 Na5 18. Bc2 Nc4 19. a4 Qc6 20. Nbd2 Be7 21. Nxc4 Qxc4 22. Bd3 Qc7 23. Qb3 O-O 24. Reb1 Bc6 25. Bb5 f6 26. exf6 Bxf6 27. Bxf6 Rxf6 28. Bxc6 bxc6 29. Qd1 Raf8 30. a5 Rxf3 31. Qe2 Rxh3 32. f3 Rhxf3 33. Qe1 Qf4 34. a6 Qxg4+ 0-1

[Event "December 12 Early 2023"]
[Site "https://www.chess.com"]
[Date "2023.12.12"]
[Round "1"]
[White "Khamdamova, Afruza"]
[Black "BestestBP"]
[Result "0-1"]
[Board "217"]
[TimeControl "180+1"]
[WhiteFideId "14210444"]
[WhiteElo "2547"]
[BlackElo "2111"]
[WhiteTeam "UZB"]
[WhiteClock "0:00:06"]
[BlackClock "0:00:07"]

1. e4 e5 2. Nf3 Nc6 3. Bb5 a6 4. Ba4 Nf6 5. O-O Be7 6. c3 b5 7. Bc2 d6 8. h3 g5 9. Nxg5 Rg8 10. h4 h6 11. Nf3 Bg4 12. d3 Nh5 13. Bxh6 Bxh4 14. Nbd2 Qf6 15. Be3 Nf4 16. Bxf4 exf4 17. d4 O-O-O 18. a4 b4 19. Bd3 Kd7 20. Qb3 Bh3 21. g3 fxg3 22. fxg3 Rxg3+ 23. Kh1 Bg2+ 24. Kh2 Bxf3 25. Nxf3 Rxf3 26. Rxf3 Qxf3 27. Rf1 Qg3+ 28. Kh1 Qh3+ 29. Kg1 Rg8# 0-1

[Event "December 12 Early 2023"]
[Site "https://www.chess.com"]
[Date "2023.12.12"]
[Round "1"]
[White "Luxama, Jacques Muller"]
[Black "Karas, Marek"]
[Result "0-1"]
[Board "218"]
[TimeControl "180+1"]
[WhiteFideId "11900113"]
[BlackFideId "14928558"]
[WhiteElo "2109"]
[BlackElo "2544"]
[WhiteTeam "HAI"]
[BlackTeam "CZE"]
[WhiteClock "0:00:00"]
[BlackClock "0:00:01"]

1. e4 e6 2. d4 d5 3. Nc3 Nf6 4. e5 Nfd7 5. f4 c5 6. Nf3 Nc6 7. Be3 Be7 8. Ne2 O-O 9. Qd2 b5 10. c3 Qb6 11. Ng3 cxd4 12. Nxd4 Nxd4 13. Bxd4 Bc5 14. Ne2 a5 15. Bxc5 Nxc5 16. Nd4 b4 17. Be2 Ne4 18. Qc1 Bd7 19. Bd3 bxc3 20. bxc3 Rac8 21. Bxe4 dxe4 22. Qd2 Rfd8 23. O-O Qc5 24. Rac1 Bb5 25. Rfe1 Bd3 26. Kh1 h6 27. Qe3 Qd5 28. Qg3 Kh8 29. f5 Rg8 30. f6 g5 31. h4 Rc5 32. Rcd1 Qxe5 33. Qxe5 Rxe5 34. Rxd3 gxh4 35. Rde3 Rg6 36. Rxe4 Reg5 37. R1e2 Rxf6 38. Rxh4 Kg7 39. Kh2 Rfg6 40. Kh3 Rc5 41. Rg4 Rxc3+ 42. g3 h5 43. Rxg6+ Kxg6 44. Nb5 Rc5 45. Nd6 Rd5 46. Ne4 f5 47. Nf2 Kf6 48. Rc2 Rb5 49. Kg2 Re5 50. Nh3 Re3 51. Nf4 Kg5 52. Rf2 e5 0-1

[Event "December 12 Early 2023"]
[Site "https://www.chess.com"]
[Date "2023.12.12"]
[Round "1"]
[White "Davidson, Kevin"]
[Black "Tilahun , Abel Mathewos"]
[Result "0-1"]
[Board "219"]
[TimeControl "180+1"]
[WhiteFideId "2056810"]
[BlackFideId "15702391"]
[WhiteElo "2541"]
[BlackElo "2070"]
[WhiteTeam "USA"]
[BlackTeam "ETH"]
[WhiteClock "0:00:00"]
[BlackClock "0:00:04"]

1. e4 e6 2. d4 d5 3. Nc3 dxe4 4. Nxe4 Nd7 5. Bd3 Ngf6 6. Qe2 Be7 7. Nf3 O-O 8. c3 Nxe4 9. Bxe4 Nf6 10. Bc2 b6 11. Be3 Bb7 12. O-O-O c5 13. dxc5 Qc7 14. cxb6 axb6 15. Kb1 Bd5 16. a3 Bxa3 17. bxa3 Rxa3 18. Bd4 Rfa8 19. Kc1 Rxc3 20. Ne1 Ne4 21. Bxc3 Qxc3 22. Qb5 Ra1+ 23. Qb1 Rxb1+ 24. Kxb1 Qb4+ 25. Kc1 Nxf2 26. Nd3 Qa3+ 27. Kd2 Nxh1 28. Rxh1 g6 29. Rb1 Qa5+ 30. Ke2 Qc3 31. Kd1 Bxg2 32. Rxb6 Bf3+ 33. Kc1 Be4 34. Rb8+ Kg7 35. Rb3 Qc6 36. Kb2 Bxd3 37. Rxd3 Qg2 38. Kc3 Qxh2 39. Bb3 Qc7+ 40. Bc4 h5 41. Kd4 h4 42. Re3 g5 43. Bd3 Qf4+ 44. Re4 Qf2+ 45. Kc4 h3 46. Be2 h2 47. Rg4 f6 0-1

[Event "December 12 Early 2023"]
[Site "https://www.chess.com"]
[Date "2023.12.12"]
[Round "1"]
[White "MasterofMasters2006"]
[Black "Batsiashvili, Nino"]
[Result "1/2-1/2"]
[Board "220"]
[TimeControl "180+1"]
[BlackFideId "13602993"]
[WhiteElo "2061"]
[BlackElo "2540"]
[BlackTeam "GEO"]
[WhiteClock "0:00:49"]
[BlackClock "0:01:01"]

1. d4 Nf6 2. c4 c5 3. d5 b5 4. cxb5 a6 5. bxa6 e6 6. dxe6 fxe6 7. Nc3 Bxa6 8. Nf3 Nc6 9. e4 Bxf1 10. Kxf1 Be7 11. g3 O-O 12. Kg2 d5 13. exd5 exd5 14. Bg5 d4 15. Bxf6 Bxf6 16. Ne4 Qd5 17. Re1 c4 18. b3 d3 19. bxc4 Qxc4 20. Nxf6+ Rxf6 21. Qb3 Qxb3 22. axb3 Rb8 23. Nd2 Nb4 24. Ra7 Rbf8 25. f4 R6f7 26. Ree7 Rxe7 27. Rxe7 Ra8 28. Rb7 Ra2 29. Rxb4 Rxd2+ 30. Kf3 Rxh2 31. Rd4 1/2-1/2

[Event "December 12 Early 2023"]
[Site "https://www.chess.com"]
[Date "2023.12.12"]
[Round "1"]
[White "Matyunin, Maxim"]
[Black "Nikulina, Alena"]
[Result "1-0"]
[Board "221"]
[TimeControl "180+1"]
[WhiteFideId "34106682"]
[BlackFideId "4172051"]
[WhiteElo "2540"]
[BlackElo "2044"]
[WhiteTeam "RUS"]
[BlackTeam "RUS"]
[WhiteClock "0:00:51"]
[BlackClock "0:00:00"]

1. d4 d5 2. Nf3 Nf6 3. c4 dxc4 4. Nc3 e6 5. Bg5 Be7 6. e4 O-O 7. Bxc4 a6 8. O-O b5 9. Bd3 Bb7 10. e5 Nd5 11. Bxe7 Qxe7 12. Ne4 Nf4 13. Bc2 Nd7 14. Rc1 f5 15. exf6 Nxf6 16. Neg5 h6 17. Qd2 hxg5 18. Nxg5 Ng4 19. Bh7+ Kh8 20. h4 Bxg2 21. Rfe1 Nh3+ 22. Kxg2 Rxf2+ 23. Qxf2 Ngxf2 24. Rxe6 Qf8 25. Bb1 Re8 26. Rxe8 Qxe8 27. Nxh3 Nxh3 28. Rxc7 1-0

[Event "December 12 Early 2023"]
[Site "https://www.chess.com"]
[Date "2023.12.12"]
[Round "1"]
[White "Saim, Mohamed Ilias"]
[Black "Jimenez Almeida, Luis David"]
[Result "0-1"]
[Board "222"]
[TimeControl "180+1"]
[WhiteFideId "7900465"]
[BlackFideId "22242244"]
[WhiteElo "2040"]
[BlackElo "2539"]
[WhiteTeam "ALG"]
[BlackTeam "ESP"]
[WhiteClock "0:00:07"]
[BlackClock "0:00:57"]

1. d4 g6 2. c4 Bg7 3. Nf3 f5 4. e3 Nf6 5. Be2 O-O 6. Nc3 d6 7. b4 Qe8 8. a4 e5 9. Ba3 e4 10. Nd2 Be6 11. Qc2 Nbd7 12. c5 d5 13. b5 c6 14. a5 a6 15. bxc6 bxc6 16. Qa4 Qc8 17. Rb1 g5 18. h4 h6 19. Rb2 f4 20. O-O gxh4 21. exf4 h3 22. Rfb1 hxg2 23. Rb6 Nxb6 24. Rxb6 Bd7 25. Qb3 Ne8 26. Qa4 Rxf4 27. Qd1 Bxd4 28. Rb3 Bh3 29. Na4 Bxf2+ 0-1

[Event "December 12 Early 2023"]
[Site "https://www.chess.com"]
[Date "2023.12.12"]
[Round "1"]
[White "Kazmin, Semen"]
[Black "Sailer, Mike"]
[Result "1-0"]
[Board "223"]
[TimeControl "180+1"]
[WhiteFideId "34171409"]
[BlackFideId "2012901"]
[WhiteElo "2538"]
[BlackElo "2040"]
[WhiteTeam "RUS"]
[BlackTeam "USA"]
[WhiteClock "0:01:49"]
[BlackClock "0:00:00"]

1. e4 d5 2. exd5 Qxd5 3. Nc3 Qd6 4. d4 c6 5. g3 Nf6 6. Bg2 Bf5 7. Nge2 e6 8. O-O Qc7 9. Re1 Bd6 10. d5 Nxd5 11. Bxd5 cxd5 12. Nd4 Bg6 13. Nxd5 Qd8 14. Nb5 O-O 15. Nxd6 exd5 16. Qxd5 Bxc2 17. Bg5 Qb6 18. Nxf7 Bg6 19. Ne5+ Kh8 20. Be3 Qd8 21. Qxb7 Re8 22. Nxg6+ 1-0

[Event "December 12 Early 2023"]
[Site "https://www.chess.com"]
[Date "2023.12.12"]
[Round "1"]
[White "Olcayoz, Gizem"]
[Black "Yashmetov, Mikhail"]
[Result "0-1"]
[Board "224"]
[TimeControl "180+1"]
[WhiteFideId "6301444"]
[BlackFideId "24198900"]
[WhiteElo "2031"]
[BlackElo "2538"]
[WhiteTeam "TUR"]
[BlackTeam "RUS"]
[WhiteClock "0:00:37"]
[BlackClock "0:01:38"]

1. e4 c6 2. d4 d5 3. e5 Bf5 4. h4 h6 5. g4 Be4 6. f3 Bh7 7. e6 Qd6 8. exf7+ Kxf7 9. Be3 Nd7 10. Bd3 Bxd3 11. Qxd3 Re8 12. f4 Ngf6 13. Qe2 Qe6 14. f5 Qe4 15. Nf3 Nxg4 16. Bg1 e6 17. Qxe4 dxe4 18. fxe6+ Rxe6 19. Nfd2 Ndf6 20. Nc3 Bb4 21. O-O-O Bxc3 22. bxc3 e3 23. Nf3 Rhe8 24. Re1 Kg8 25. Bh2 Ne4 26. Kb2 Nd2 27. Be5 Nxf3 28. Ref1 Nfxe5 0-1

[Event "December 12 Early 2023"]
[Site "https://www.chess.com"]
[Date "2023.12.12"]
[Round "1"]
[White "Colbow, Collin"]
[Black "Bongo Akanga Ndjila, Barthelemy"]
[Result "1-0"]
[Board "225"]
[TimeControl "180+1"]
[WhiteFideId "16201132"]
[BlackFideId "10609431"]
[WhiteElo "2536"]
[BlackElo "2017"]
[WhiteTeam "GER"]
[BlackTeam "GAB"]
[WhiteClock "0:00:19"]
[BlackClock "0:00:12"]

1. b3 Nf6 2. Bb2 d5 3. Nf3 b5 4. e3 b4 5. a3 c5 6. axb4 cxb4 7. Ne5 e6 8. Bb5+ Nfd7 9. Qf3 Qf6 10. Nxd7 Qxf3 11. Nb6+ Bd7 12. gxf3 Bxb5 13. Nxa8 a6 14. Nc7+ Kd7 15. Nxb5 axb5 16. Ra7+ Ke8 17. Rg1 Nd7 18. d3 Ke7 19. Bxg7 Bxg7 20. Rxg7 Kf6 21. Rg4 Ne5 22. Rf4+ Kg6 23. d4 Nc6 24. Raxf7 Ra8 25. Nd2 Ra1+ 26. Ke2 Nd8 27. R4f6+ Kg5 28. f4+ Kg4 29. Rg7+ Kh5 30. Rxh7+ Kg4 31. Rg7+ Kh5 32. Rg5+ Kh4 33. Rh6# 1-0

[Event "December 12 Early 2023"]
[Site "https://www.chess.com"]
[Date "2023.12.12"]
[Round "1"]
[White "Reinecke, Katharina"]
[Black "Asish Panda"]
[Result "0-1"]
[Board "226"]
[TimeControl "180+1"]
[WhiteFideId "12929727"]
[BlackFideId "45012458"]
[WhiteElo "2007"]
[BlackElo "2536"]
[WhiteTeam "GER"]
[BlackTeam "IND"]
[WhiteClock "0:00:11"]
[BlackClock "0:01:30"]

1. d4 d5 2. c4 e6 3. Nf3 Nf6 4. g3 Be7 5. Bg2 O-O 6. O-O b6 7. cxd5 exd5 8. Nc3 Bb7 9. a3 Nbd7 10. b4 Rc8 11. Bf4 a6 12. Rc1 c5 13. bxc5 bxc5 14. Na4 c4 15. Rb1 Bc6 16. Bc1 Ne4 17. e3 Bxa4 18. Qxa4 Nc3 19. Qc2 Nxb1 20. Qxb1 Rb8 21. Qc2 Qa5 22. Bd2 Qxa3 23. Ne5 Nxe5 24. dxe5 Rfd8 25. Rb1 Rxb1+ 26. Qxb1 Qb3 27. Qf5 Qd1+ 28. Bf1 Qxd2 29. e6 f6 0-1